 Dungeon Crawl Stone Soup version 0.29-a0-451-gfbfa42419e (console) character file.

Game seed: 46486093360173234

603 Faeu the Chopper (level 7, 0/93 HPs)
             Began as a Minotaur Berserker on May 19, 2022.
             Was a Priest of Trog.
             Slain by an orc warrior
             ... wielding a +0 dire flail
              (18 damage)
             ... on level 4 of the Dungeon.
             The game lasted 00:06:33 (3521 turns).

Faeu the Chopper (Minotaur Berserker)               Turns: 3521, Time: 00:06:34

Health: 0/93       AC: 11    Str: 26    XL:     7   Next: 18%
Magic:  6/6        EV:  9    Int: 10    God:    Trog [***...]
Gold:   189        SH:  0    Dex:  9    Spells: 6/6 levels left

rFire   . . .      SeeInvis .   a - +0 hand axe
rCold   . . .      Faith    .   (no shield)
rNeg    + + .      Spirit   .   p - +0 chain mail
rPois   .          Reflect  .   (helmet restricted)
rElec   .          Harm     .   r - +0 cloak
rCorr   .          Rampage  .   (no gloves)
Will    .....                   (no boots)
Stlth   ..........              (no amulet)
HPRegen 0.25/turn               j - ring "Ideafrom" {Fly rN++ Str+2 Int+6 Stlth-}
MPRegen 0.10/turn               (no ring)

@: berserking, flying, very quick
A: horns 2, retaliatory headbutt
a: Renounce Religion, Berserk, Trog's Hand


You were on level 4 of the Dungeon.
You worshipped Trog.
Trog was most pleased with you.
You visited 1 branch of the dungeon, and saw 5 of its levels.

You collected 189 gold pieces.

Inventory:

Hand Weapons
 a - a +0 hand axe (weapon)
Armour
 b - a +0 animal skin
 p - a +0 chain mail (worn)
 r - a +0 cloak (worn)
Jewellery
 j - the ring "Ideafrom" (left hand) {Fly rN++ Str+2 Int+6 Stlth-}
   (You found it on level 2 of the Dungeon)

   [ring of intelligence]

   Str:       It affects your strength (+2).
   Int:       It affects your intelligence (+6).
   rN:        It greatly protects you from negative energy.
   Fly:       It grants you flight.
   Stlth:     It makes you less stealthy.
Wands
 l - a wand of iceblast (11)
Scrolls
 c - a scroll of enchant armour {unknown}
 e - 6 scrolls of identify {unknown}
 g - a scroll of fog {unknown}
 h - a scroll of magic mapping {unknown}
 k - a scroll of fear {unknown}
 m - a scroll of vulnerability {unknown}
 o - a scroll of noise {unknown}
 q - a scroll of blinking {unknown}
 u - a scroll of teleportation {unknown}
Potions
 d - a potion of lignification {unknown}
 f - a potion of resistance {unknown}
 i - a potion of heal wounds {unknown}
 n - a potion of haste {unknown}
 s - 3 potions of attraction {unknown}
 t - a potion of flight {unknown}


   Skills:
 + Level 5.9 Fighting
 + Level 5.9 Axes
 + Level 5.2 Armour
 + Level 4.6 Dodging


You had 6 spell levels left.
You didn't know any spells.
Your spell library was empty.

Dungeon Overview and Level Annotations

Branches:
Dungeon (5/15)             Temple (0/1) D:4

Altars:
Elyvilon
Qazlal
Zin
The Shining One

Shops:
D:3 :   D:4 =   D:5 *


Innate Abilities, Weirdness & Mutations

You have a pair of horns on your head.
You reflexively headbutt those who attack you in melee.


Message History

An orc wizard comes into view. It is wielding a +0 dagger.
Things that are here:
a +0 ring mail; a +0 club; an orc corpse The orc wizard shouts!
The orc warrior attacks as you move away!
The orc warrior completely misses you.
The orc warrior attacks as you move away!
The orc warrior hits you with a +0 dire flail!
The orc warrior attacks as you move away!
The orc warrior hits you with a +0 dire flail!
There is a stone staircase leading up, spattered with blood here.
The orc warrior barely misses you. You furiously retaliate!
You headbutt the orc warrior!
You fly upwards.
Reactivating autopickup.
There is a stone staircase leading down here.
You hit the orc warrior. Your headbutt misses the orc warrior.
The orc warrior is moderately wounded.
The orc warrior hits you with a +0 dire flail!
You hit the orc warrior.
The orc warrior is heavily wounded.
The orc warrior hits you with a +0 dire flail!
You completely miss the orc warrior.
The orc warrior is heavily wounded.
The orc warrior hits you with a +0 dire flail.
* * * LOW HITPOINT WARNING * * *
You closely miss the orc warrior.
The orc warrior is heavily wounded.
The orc warrior closely misses you.
A red film seems to cover your vision as you go berserk!
You feel yourself moving faster!
You feel mighty! The orc warrior closely misses you.
You closely miss the orc warrior.
The orc warrior is heavily wounded.
The orc warrior hits you with a +0 dire flail.
* * * LOW HITPOINT WARNING * * *
You hit the orc warrior.
The orc warrior is severely wounded.
The orc warrior hits you with a +0 dire flail!!
You die...

### ..#############
.........##...#########
...#####.##...........########
##.# #.##...#######.#......#
#.#####.#.^............####.###
##.##..........[#)###...# #...7
......##.......[........####.#777
##.....#########))...........77..
.#..####... .?.#o####..#####.7.._
....# #.>.#.>.#@.# #..# #.7...
.##.# #.......##.# #..# #.7._.
###.# ######## #.# #..# #.7... #
#.# #...#..# #.# #..#####.7.._
###.####......# #.# #........77..
...........#..###.####.####.%#777
###.#####..............# #.%#
..............###.#########..#
#########.##.## #.# #......#
...........#.# #.# #.####.#
###...)....#.####.# #.# #.#


You could see an orc warrior.

Vanquished Creatures
  2 black bears (D:4)
  2 phantoms (D:5)
  An orc priest (D:5)
  Jessica (D:2)
  2 iguanas
  6 adders
  A white imp (D:5)
  An ufetubus (D:4)
  2 worms
  2 dart slugs
  16 orcs
  5 endoplasms
  3 giant cockroaches
  6 goblins
  5 hobgoblins
  4 jackals (D:1)
  3 quokkas
  2 ball pythons
  3 bats
  3 frilled lizards
  8 kobolds
  4 rats
82 creatures vanquished.

Notes
Turn   | Place    | Note
-------+----------+-------------------------------------------
     0 | D:1      | Faeu the Minotaur Berserker began the quest for the Orb.
     0 | D:1      | Reached XP level 1. HP: 19/19 MP: 0/0
   330 | D:1      | Reached XP level 2. HP: 21/27 MP: 1/1
   422 | D:1      | Found a faded altar of an unknown god.
   699 | D:1      | You fall into a shaft and drop 1 floor!
   699 | D:2      | Found the +2 ratskin cloak {*Rats rPois rN+ Str-1 Int-1
                  | Dex+1}
   992 | D:2      | Reached XP level 3. HP: 17/33 MP: 2/2
  1027 | D:2      | Reached ** piety under Trog
  1137 | D:2      | Identified the ring "Ideafrom" {Fly rN++ Str+2 Int+6
                  | Stlth-}
  1219 | D:2      | Noticed Jessica
  1223 | D:2      | Killed Jessica
  1227 | D:2      | Reached XP level 4. HP: 41/41 MP: 3/3
  1672 | D:3      | Found Qeutor's Book Emporium.
  2196 | D:4      | Found a staircase to the Ecumenical Temple.
  2344 | D:4      | Noticed a black bear
  2356 | D:4      | Reached XP level 5. HP: 32/47 MP: 4/4
  2360 | D:4      | Killed a black bear
  2361 | D:4      | Reached skill level 5 in Fighting
  2361 | D:4      | Reached skill level 5 in Axes
  2544 | D:4      | Found Zonuyjy's Jewellery Shop.
  2583 | D:4      | Noticed a black bear
  2585 | D:4      | Reached XP level 6. HP: 56/56 MP: 5/5
  2607 | D:4      | Found a stormy altar of Qazlal.
  2794 | D:4      | Found a glowing golden altar of the Shining One.
  2798 | D:4      | Found a white marble altar of Elyvilon.
  2799 | D:4      | Found a glowing silver altar of Zin.
  2881 | D:4      | Reached *** piety under Trog
  3181 | D:5      | Entered Level 5 of the Dungeon
  3268 | D:5      | Reached skill level 5 in Armour
  3268 | D:5      | Reached XP level 7. HP: 53/62 MP: 6/6
  3270 | D:5      | Found Noryexoi's Assorted Antiques.
  3521 | D:4      | Slain by an orc warrior

Illustrated notes

Levels and vault maps discovered:
D:1:      mrwooster_arrival_statue_2, layout_loops_cross,
          shapermc_ecumenical_altar_acropolis
D:2:      layout_basic, minmay_circle_x, uniq_jessica
D:3:      layout_rooms, serial_shops, nicolae_shop_stone, kennysheep_boxes
D:4:      layout_loops_ring, good_gods_temple_1, mainiacjoe_overflow_24_doors,
          minmay_temple_entry_from_below_a, serial_shops,
          nicolae_shop_advertising_works [nicolae_subvault_shop_adworks]
D:5:      layout_loops_ring, serial_shops, nicolae_shop_crystal, st_stairs_3,
          uniq_ijyb, uniq_crazy_yiuf_cottage

Skill      XL: |  1  2  3  4  5  6 |
---------------+-------------------+-----
Axes           | 4 5 |  5.9
Fighting       | 4 5 |  5.9
Armour         | 3 4 5 |  5.2
Dodging        | 3 4 |  4.6

Action                   |  1- 3 |  4- 6 |  7- 9 || total
-------------------------+-------+-------+-------++-------
Melee: Hand axe          |    58 |   144 |    24 ||   226
       Headbutt          |     8 |    18 |     3 ||    29
Invok: Berserk           |     1 |     1 |     1 ||     3
Armor: Animal skin       |    11 |       |       ||    11
       Chain mail        |       |    75 |     7 ||    82
Dodge: Dodged            |    45 |    88 |    10 ||   143

Table legend: (Time is in decaauts)
 A = Elapsed time spent in this place.
 B = Non-inter-level travel time spent in this place.
 C = Inter-level travel time spent in this place.
 D = Time resting spent in this place.
 E = Time spent auto-exploring this place.
 F = Levels seen in this place.
 G = Mean time per level.
                   A        B        C        D        E       F      G
               +--------+--------+--------+--------+--------+-----+--------+
         Total |   3557 |   3433 |    124 |    281 |   2510 |   5 |  711.4 |
       Dungeon |   3557 |   3433 |    124 |    281 |   2510 |   5 |  711.4 |
               +--------+--------+--------+--------+--------+-----+--------+

Top non-repeatable levels by time:
     D:4: 1361 daAuts
     D:2: 820 daAuts
     D:1: 703 daAuts
     D:3: 553 daAuts
     D:5: 118 daAuts
